 Dungeon Crawl Stone Soup version 0.31-a0-193-gdfe2569204 (webtiles) character file.

Game seed: 12918872691462640572

344 qw the Skirmisher (level 6, -2/35 HPs)
             Began as a Deep Elf Hunter on June 24, 2023.
             Slain by Grinder (3 damage)
             ... on level 3 of the Dungeon.
             The game lasted 00:00:54 (2130 turns).

qw the Skirmisher (Deep Elf Hunter)                 Turns: 2130, Time: 00:00:54

Health: -2/35      AC: 11    Str: 10    XL:     6   Next: 31%
Magic:  0/8        EV: 11    Int: 14    God:
Gold:   111        SH:  0    Dex: 18    Spells: 5/5 levels left

rFire   . . .        Y - +1 shortbow
rCold   . . .        (shield currently unavailable)
rNeg    . . .        d - +0 ring mail
rPois   .            b - +0 helmet
rElec   .            (no cloak)
rCorr   .            e - +0 pair of gloves
SInv    .            (no boots)
Will    .....        g - amulet of guardian spirit
Stlth   +            a - +4 ring of protection
HPRegen 0.25/turn    (no ring)
MPRegen 0.11/turn

%: guardian spirit
@: weak-willed
A: no striking features
a: no special abilities


You were on level 3 of the Dungeon.
You visited 1 branch of the dungeon, and saw 3 of its levels.

You collected 111 gold pieces.


   Skills:
 - Level 2.0 Fighting
 + Level 9.5 Ranged Weapons
 - Level 1.3 Armour
 - Level 2.4 Dodging
 - Level 1.2 Stealth


You had 5 spell levels left.
You didn't know any spells.
Your spell library was empty.

Inventory:

Hand Weapons
 Y - a +1 shortbow (weapon)
Armour
 b - a +0 helmet (worn)
 d - a +0 ring mail (worn)
 e - a +0 pair of gloves (worn)
Jewellery
 a - a +4 ring of protection (left hand)
 g - an amulet of guardian spirit (around neck)
Scrolls
 h - a scroll of identify
Potions
 c - a potion of curing {unknown}

Dungeon Overview and Level Annotations

Branches:
Dungeon (3/15)

Altars:

Annotations:
D:3 Grinder


Message History

You can move again.
You shoot an arrow. The arrow hits Grinder.
Grinder is severely wounded.
You shoot an arrow. The arrow hits Grinder.
Grinder is almost dead.
Grinder hits you but does no damage.
You shoot an arrow. The arrow hits Grinder.
Grinder is almost dead.
Grinder gestures at you. Pain shoots through your body!
You shoot an arrow. The arrow barely misses Grinder.
Grinder gestures at you. Pain shoots through your body!
You shoot an arrow. The arrow hits Grinder.
Grinder is almost dead.
Grinder hits you but does no damage.
You shoot an arrow.
The arrow hits Grinder but does no damage.
Grinder is almost dead.
Grinder gestures at you.
You barely resist. You shoot an arrow. The arrow closely misses Grinder.
Grinder gestures at you.
You barely resist. You shoot an arrow.
The arrow hits Grinder but does no damage.
Grinder is almost dead.
Grinder hits you but does no damage.
You shoot an arrow. The arrow hits Grinder.
Grinder is almost dead.
Grinder gestures at you. Pain shoots through your body!
You shoot an arrow. The arrow barely misses Grinder.
Grinder hits you.
You writhe in agony.
You shoot an arrow. The arrow completely misses Grinder.
Grinder says, "FISH!"
Grinder hits you!
You shoot an arrow. The arrow barely misses Grinder.
Grinder hits you.
You writhe in agony.
You die...

.# ###. ## ##... #.. ....
#.# ##..## ... .... ..
#.######.#### ..
#.#<........#
#.#######.#.@5.###.....#
#####...........###.........
#......######..## .........
#......####...## .........
#......##...### ..#### ##
#.........#### ..#
#.....>.........# ..#
#......###....#.# ######.#
....#


You could see Grinder.

Vanquished Creatures
  Sigmund (D:3)
  A hound (D:3)
  Natasha (twice) (D:3)
  An orc wizard (D:3)
  A gnoll (D:1)
  3 adders
  2 dart slugs
  2 orcs (D:3)
  2 bats
  7 endoplasms
  2 giant cockroaches (D:1)
  2 goblins
  2 hobgoblins
  2 jackals (D:1)
  8 kobolds
  A quokka (D:2)
  6 ball pythons
  3 frilled lizards
  4 rats
52 creatures vanquished.

Notes
Turn   | Place    | Note
-------+----------+-------------------------------------------
     0 | D:1      | qw the Deep Elf Hunter began the quest for the Orb.
     0 | D:1      | Reached XP level 1. HP: 12/12 MP: 3/3
     0 | D:1      | 0 ||| qw: Version: 0.3-a-9-g12657ce
     0 | D:1      | 0 ||| qw: Game counter: 4667
     0 | D:1      | 0 ||| qw: Always use a shield: true
     0 | D:1      | 0 ||| qw: God list: Okawaru
     0 | D:1      | 0 ||| qw: Allow faded altars: false
     0 | D:1      | 0 ||| qw: Do Orc after D:15 true
     0 | D:1      | 0 ||| qw: Do second Lair branch before Depths: true
     0 | D:1      | 0 ||| qw: Lair rune preference: random
     0 | D:1      | 0 ||| qw: Plans: Normal
     0 | D:1      | 0 ||| PLANNING D:1-11
    88 | D:1      | Reached XP level 2. HP: 16/16 MP: 4/4
   240 | D:1      | Reached skill level 6 in Ranged Weapons
   436 | D:1      | Reached XP level 3. HP: 20/20 MP: 5/5
   682 | D:1      | 682 ||| UPGRADING to +0 ring mail.
   692 | D:1      | 692 ||| DROPPING +0 leather armour.
   693 | D:1      | 693 ||| UPGRADING to +0 pair of gloves.
   698 | D:1      | 698 ||| READING scroll labelled ZAENEY GAPTAZ.
   701 | D:1      | 701 ||| READING 2 scrolls labelled UFIKYS ILLI.
   702 | D:1      | 702 ||| DRINKING 3 amethyst potions.
   703 | D:1      | 703 ||| DROPPING scroll of butterflies.
   704 | D:1      | 704 ||| DROPPING 2 potions of attraction.
   730 | D:2      | Reached skill level 7 in Ranged Weapons
  1340 | D:2      | 1340 ||| UPGRADING to +0 helmet.
  1345 | D:2      | 1345 ||| UPGRADING to amulet of guardian spirit.
  1350 | D:2      | 1350 ||| UPGRADING to +4 ring of protection.
  1351 | D:2      | 1351 ||| READING 2 scrolls labelled DUTARUMNEN.
  1352 | D:2      | 1352 ||| READING 2 scrolls of identify.
  1352 | D:2      | 1352 ||| IDENTIFYING coppery potion
  1353 | D:2      | 1353 ||| DROPPING scroll of immolation.
  1354 | D:2      | 1354 ||| DROPPING potion of lignification.
  1392 | D:3      | Noticed Natasha
  1395 | D:3      | 1395 ||| Stepping ~*~*~tactically~*~*~ (outnumbered).
  1407 | D:3      | Killed Natasha
  1408 | D:3      | Reached XP level 4. HP: 10/25 MP: 1/6
  1598 | D:3      | Noticed Sigmund
  1616 | D:3      | Killed Sigmund
  1617 | D:3      | Reached skill level 9 in Ranged Weapons
  1617 | D:3      | Reached XP level 5. HP: 23/29 MP: 5/7
  1718 | D:3      | Reached XP level 6. HP: 35/35 MP: 5/8
  1811 | D:3      | Found a faded altar of an unknown god.
  1859 | D:3      | Noticed Natasha
  1863 | D:3      | Killed Natasha
  1901 | D:3      | HP: 7/35 [orc wizard/magic dart (4)]
  1908 | D:3      | Reached skill level 1 in Armour
  2060 | D:3      | Noticed Grinder
  2072 | D:3      | Paralysed by Grinder for 5 turns
  2080 | D:3      | 2080 ||| FLEEEEING.
  2084 | D:3      | 2084 ||| FLEEEEING.
  2085 | D:3      | 2085 ||| FLEEEEING.
  2086 | D:3      | 2086 ||| STAIRDANCE
  2102 | D:2      | 2102 ||| READING 2 scrolls labelled UHEDEN YHECWISH.
  2103 | D:2      | 2103 ||| READING scroll labelled ISISEB JEEWE.
  2104 | D:2      | 2104 ||| DROPPING scroll of vulnerability.
  2117 | D:3      | Paralysed by Grinder for 2 turns
  2128 | D:3      | HP: 7/35 [Grinder (4)]
  2129 | D:3      | HP: 2/35 [Grinder (5)]
  2130 | D:3      | Slain by Grinder

Levels and vault maps discovered:
D:1:      spicycebolla_green_bress_n_ham_2, layout_basic, minivault_5
D:2:      layout_basic
D:3:      layout_basic, chequers_ecumenical_altar_simple_redux,
          uniq_crazy_yiuf_cottage, uniq_sigmund, uniq_jessica, uniq_natasha,
          uniq_grinder

Skill      XL: |  1  2  3  4  5  6 |
---------------+-------------------+-----
Ranged Weapons | 6 7 9 |  9.5
Fighting       | 2 |  2.0
Armour         | 1 |  1.3
Dodging        | |  2.4
Stealth        | |  1.2

Action                     |  1- 3 |  4- 6 || total
---------------------------+-------+-------++-------
   Fire: Shortbow          |    86 |    99 ||   185
    Use: Scroll            |     4 |     2 ||     6
         Potion            |     1 |       ||     1
 Armour: Leather armour    |     3 |       ||     3
         Ring mail         |    13 |    29 ||    42
  Dodge: Dodged            |    19 |    26 ||    45

Table legend:
 A = Non-vault XP
 B = Vault XP
 C = Vault XP percentage of total XP
 D = Non-vault monster count
 E = Vault monster count
 F = Vault count percentage of total count
                 A         B        C        D         E       F
            +---------+---------+-------+---------+---------+-------
      Total |     243 |     249 |  50.6 |      50 |       2 |   3.8
            +---------+---------+-------+---------+---------+-------
        D:1 |      54 |       0 |   0.0 |      22 |       0 |   0.0
        D:2 |      40 |       0 |   0.0 |      13 |       0 |   0.0
        D:3 |     149 |     249 |  62.6 |      15 |       2 |  11.8
            +---------+---------+-------+---------+---------+-------
